 Dungeon Crawl Stone Soup version 0.32-a0-747-gc8563f6773 (webtiles) character file.

Game seed: 13451444919200098966

42492 gimp the Eclecticist (level 14, -5/78 HPs)
             Began as a Kobold Earth Elementalist on Mar 17, 2024.
             Was a High Priest of Vehumet.
             Slain by a black mamba (12 damage)
             ... on level 4 of the Lair of Beasts.
             The game lasted 00:32:24 (18485 turns).

gimp the Eclecticist (Kobold Earth Elementalist)   Turns: 18485, Time: 00:32:24

Health: -5/78      AC:  8    Str:  5    XL:     14   Next: 55%
Magic:  34/34      EV: 20    Int: 27    God:    Vehumet [*****.]
Gold:   655        SH:  0    Dex: 16    Spells: 9/45 levels left

rFire   . . .        a - staff of air
rCold   + . .        (shield currently unavailable)
rNeg    . . .        h - +0 robe
rPois   +            g - +0 helmet
rElec   +            U - +2 cloak {Will+}
rCorr   +            R - +0 pair of gloves
SInv    .            y - +0 pair of boots of Yjihep {rPois rCorr}
Will    ++...        B - amulet of magic regeneration
Stlth   +++          A - ring of protection from cold
HPRegen 0.33/turn    u - +6 ring of intelligence
MPRegen 0.64/turn

%: no passive effects
@: inugami summoned
A: small, no large weapons, nightstalker 3
a: Renounce Religion


You were on level 4 of the Lair of Beasts.
You worshipped Vehumet.
Vehumet was extremely pleased with you.
You visited 4 branches of the dungeon, and saw 17 of its levels.
You also visited: Gauntlet.

You collected 1045 gold pieces.
You spent 390 gold pieces at shops.

Inventory:

Missiles
 J - a curare-tipped dart
 N - 3 throwing nets
Armour
 g - a +0 helmet (worn)
 h - a +0 robe (worn)
 y - the +0 pair of boots of Yjihep (worn) {rPois rCorr}
   (You found it in a Gauntlet)

   rPois:     It protects you from poison.
   rCorr:     It protects you from acid and corrosion.
 R - a +0 pair of gloves (worn)
 U - a +2 cloak of willpower (worn)
Magical Staves
 a - a staff of air (weapon)
 b - a staff of earth
Jewellery
 u - a +6 ring of intelligence (right hand)
 v - a ring of see invisible
 A - a ring of protection from cold (left hand)
 B - an amulet of magic regeneration (around neck)
 D - the ring "Ypoxoh" {Fly rF+ Str+5}
   (You found it on level 4 of the Lair of Beasts)

   [ring of flight]

   Str+5:     It affects your strength (+5).
   rF+:       It protects you from fire.
   Fly:       It grants you flight.
 E - a ring of fire
 F - a +4 ring of protection
 P - a ring of poison resistance
Wands
 x - a wand of flame (31)
 T - a wand of mindburst (27)
 W - a wand of acid (5)
 X - a wand of paralysis (6)
Scrolls
 i - 3 scrolls of noise
 j - a scroll of silence
 l - a scroll of poison
 p - a scroll of teleportation
 q - a scroll of brand weapon
 r - a scroll of fear
 t - a scroll of identify
 C - a scroll of immolation
 G - a scroll of blinking
 I - a scroll of amnesia
 M - a scroll of enchant armour
 Q - a scroll of revelation
Potions
 c - 3 potions of curing
 d - 3 potions of brilliance
 e - a potion of haste
 f - 5 potions of berserk rage
 k - a potion of attraction
 m - a potion of magic
 n - 2 potions of resistance
 o - 2 potions of might
 s - 3 potions of ambrosia
 w - a potion of invisibility
 z - 3 potions of mutation
 H - a potion of cancellation
 L - 2 potions of lignification
 O - 3 potions of enlightenment
Miscellaneous
 S - a lightning rod (4/4)


   Skills:
 - Level 5.0 Fighting
 + Level 10.7 Dodging
 - Level 2.6 Stealth
 * Level 16.2 Spellcasting
 - Level 6.0 Conjurations
 * Level 8.0 Summonings
 + Level 4.5 Fire Magic
 - Level 8.0 Earth Magic
 - Level 8.0 Alchemy


You had 9 spell levels left.
You knew the following spells:

 Your Spells              Type           Power      Damage    Failure   Level
a - Stone Arrow           Conj/Erth      100%       3d13      1%          3
b - Fireball              Conj/Fire      25%        3d11      1%          5
c - Passwall              Erth           60%        N/A       1%          3
d - Olgreb's Toxic Radia  Alch           60%        N/A       1%          4
e - Call Canine Familiar  Summ           60%        N/A       1%          3
f - Flame Wave            Conj/Fire      50%        2d12      1%          4
g - Irradiate             Conj/Alch      28%        3d21      1%          5
h - Petrify               Alch/Erth      60%        N/A       1%          4
i - Summon Forest         Summ/Tloc      21%        N/A       12%         5

Your spell library contained the following spells:

 Spells                   Type           Power      Damage    Failure   Level
 Airstrike                Air            16%        2d(3-19)  6%          4
 Magic Dart               Conj           100%       1d8       1%          1
 Sandblast                Erth           100%       2d20      1%          1
 Sting                    Conj/Alch      100%       1d9       1%          1
 Mercury Vapours          Alch/Air       100%       N/A       1%          2
 Searing Ray              Conj           100%       2d8       1%          2
 Dazzling Flash           Conj/Hex       76%        N/A       1%          3
 Frozen Ramparts          Ice            42%        1d7       1%          3
 Mephitic Cloud           Conj/Alch/Air  63%        N/A       1%          3
 Brom's Barrelling Bould  Conj/Erth      56%        2d7       1%          4
 Fulminant Prism          Conj/Alch      28%        3d14      1%          4
 Slow                     Hex            84%        N/A       2%          1
 Sublimation of Blood     Necr           21%        N/A       3%          2
 Arcjolt                  Conj/Air       27%        1d37      5%          5
 Confusing Touch          Hex            21%        N/A       7%          3
 Ozocubu's Armour         Ice            21%        N/A       7%          3
 Sigil of Binding         Hex            21%        N/A       7%          3
 Vampiric Draining        Necr           21%        2d7       7%          3
 Freezing Cloud           Conj/Ice/Air   24%        6-21      8%          5
 Starburst                Conj/Fire      25%        6d8       11%         6
 Summon Mana Viper        Hex/Summ       43%        N/A       12%         5
 Summon Cactus Giant      Summ           30%        N/A       13%         6
 Dimensional Bullseye     Hex/Tloc       10%        N/A       22%         4
 Vhi's Electric Charge    Tloc/Air       64%        N/A       22%         4
 Plasma Beam              Fire/Air       25%        2x1d37    32%         6
 Metabolic Englaciation   Hex/Ice        10%        N/A       54%         5
 Malign Gateway           Summ/Tloc      21%        N/A       98%         7
 Maxwell's Capacitive Co  Air            16%        ∞         100%        8
 Dragon's Call            Summ           30%        N/A       100%        9


Dungeon Overview and Level Annotations

Branches:
Dungeon (11/15)            Temple (1/1) D:6            Lair (4/5) D:11
 Shoals (0/4) Lair:3       Spider (1/4) Lair:3          Orc (0/2) D:9
Gauntlet (visited)
  Slime: Lair:4-5

Altars:
Ashenzari
Cheibriados
Dithmenos
Elyvilon
Fedhas
Gozag
Hepliaklqana
Kikubaaqudgha
Makhleb
Nemelex Xobeh
Okawaru
Qazlal
Ru
Sif Muna
Trog
Uskayaw
Vehumet
Wu Jian
Xom
Yredelemnul
Zin
The Shining One

Shops:
D:5 :   D:6 ((*   D:7 *   D:10 !

Annotations:
Lair:1 1 exclusion
Lair:4 2 transporters, Sugi's ghost, journeyman MiFi


Innate Abilities, Weirdness & Mutations

You are small and have problems with some larger weapons.
You are completely attuned to the shadows.


Message History

The death yak attacks as it pursues you!
The death yak gores you but does no damage.
Casting: Summon Forest (dangerous; 12% risk of failure)
Confirm with . or Enter, or press ? or * to list all spells.
A forested plane collides here with a resounding crunch!
Your dryad calls out to the forest.
The forest starts to sway and rumble!
You hear an angry hiss.
The death yak misses you.
You now have 29/34 mp.
You enter the shallow water.
Moving in this stuff is going to be slow.
Branches wave dangerously above you.
A tree reaches out and hits the death yak!
A tree reaches out and hits the death yak!
Trunks creak and shift.
A root smacks the death yak from below!
The death yak gores your dryad.
Your dryad hits the death yak!
The five-headed hydra bites your dryad but does no damage.
The five-headed hydra bites your dryad!
The five-headed hydra bites your dryad but does no damage.
The five-headed hydra bites your dryad! x2
The death yak closely misses your dryad.
Casting: Summon Forest (dangerous; 12% risk of failure)
Confirm with . or Enter, or press ? or * to list all spells.
Aiming: Stone Arrow (safe; 1% risk of failure)
Press: ? - help, Shift-Dir - straight line, f/p - death yak
Aim: a death yak (severely wounded, not watching you, ally target, 92% to hit)
The stone arrow hits the death yak!!
You kill the death yak!
Vehumet accepts your kill.
You feel your power returning.
Your dryad hits the five-headed hydra.
The five-headed hydra bites your dryad but does no damage.
The five-headed hydra barely misses your dryad.
The five-headed hydra bites your dryad! The five-headed hydra bites your dryad.
The five-headed hydra bites your dryad!
Your dryad dies!
Your dryad's corpse disappears in a puff of smoke!
The forest abruptly stops moving.
Your Summonings skill increases to level 8!
Your inugami hits the five-headed hydra!
The black mamba bites you!
You see here a wolf corpse.
You take 8 damage, and have 52/78 hp.
MP restored: 34
Casting: Stone Arrow (safe; 1% risk of failure)
Confirm with . or Enter, or press ? or * to list all spells.
Okay, then.
Aiming: Paralyse
Press: ? - help, Shift-Dir - straight line, f - black mamba
Aim: a black mamba (chance to affect: 49%)
Okay, then.
Unknown command.
Casting: Stone Arrow (safe; 1% risk of failure)
Confirm with . or Enter, or press ? or * to list all spells.
Okay, then.
Okay, then.
The black mamba attacks as it pursues you!
The black mamba closely misses you.
The black mamba bites you but does no damage.
The black mamba bites you but does no damage.
The black mamba attacks as it pursues you!
The black mamba completely misses you. The black mamba bites you.
You are poisoned.
The black mamba poisons you!
You take 2 damage, and have 53/78 hp.
You feel very sick. The black mamba bites you!
You take 14 damage, and have 39/78 hp.
You feel very sick.
You take 3 damage, and have 36/78 hp.
Space becomes stable.
You feel very sick. The black mamba bites you.
You take 10 damage, and have 26/78 hp.
You feel sick.
The black mamba attacks as it pursues you!
The black mamba closely misses you. The black mamba misses you.
You take 2 damage, and have 24/78 hp.
You feel sick.
The black mamba attacks as it pursues you!
The black mamba misses you. The black mamba bites you!
* * * LOW HITPOINT WARNING * * *
You see here a black mamba skeleton.
You take 9 damage, and have 15/78 hp.
You feel sick. The black mamba misses you.
You take 2 damage, and have 13/78 hp.
You feel sick.
The black mamba attacks as it pursues you!
The black mamba bites you but does no damage.
You take 1 damage, and have 12/78 hp.
You feel sick.
The queen bee buzzes angrily.
You hear an angry buzzing noise. x2
The black mamba closely misses you.
You feel better. The black mamba bites you!
* * * LOW HITPOINT WARNING * * *
The black mamba barely misses you.
You take 11 damage, and have 1/78 hp.
You feel better. The black mamba bites you!
You die...

#P...~≈≈~..P# #######...## #
##....~~..### #.......# #
##......## #####.......## ##
#P..#.+######.#..........# #P
##..............#.......## ##.
#.......+....###........# #..
#........#.#####........######.
#........##..#.........÷#.#....
###..........÷DS@.........††...†.
#...........h###.###......#....=.
....#.P.....#########....######..
..P###...P.###y# #.###....# #..
.####......##.y.#...##...## #..
≈≈≈≈#......##.###.#.##...#######.
.####......##.y #........#P+
...........#.#. #?#.......#...
...........#..# .)#.......#...


You could see a five-headed hydra (ally target), a black mamba, a queen bee, a
killer bee and a friendly inugami (summoned).

Vanquished Creatures
  A minotaur (Gauntlet)
  2 catoblepae
  A boulder beetle (Lair:3)
  3 two-headed ogres
  A death yak (Lair:4)
  A wretched star (Gauntlet)
  A skyshark (Lair:3)
  Pikel (D:5)
  Maurice (D:10)
  2 cyclopes (D:11)
  6 elephants
  A gargoyle (Gauntlet)
  Maggie (D:6)
  8 cane toads
  3 black mambas
  2 unseen horrors (D:11)
  2 torpor snails
  A rime drake (Lair:2)
  5 komodo dragons
  An unseen horror zombie (D:8)
  A queen bee (Gauntlet)
  A troll (D:7)
  4 polar bears (Lair:1)
  13 blink frogs
  5 dream sheep (Lair:4)
  A shadow (D:11)
  4 wyverns
  Sigmund (D:5)
  A vampire (D:11)
  Eustachio (D:6)
  A basilisk (Lair:4)
  50 yaks
  3 chaos spawn (D:8)
  3 vampire mosquitoes (D:11)
  An acid dragon (D:6)
  13 water moccasins
  3 orc warriors
  A black bear (D:8)
  A sky beast (D:7)
  3 ogres
  9 centaurs
  23 wolves
  A lemure (D:5)
  A phantom (D:5)
  Blork the orc (D:5)
  6 kobold brigands
  12 bullfrogs
  A small abomination (Gauntlet)
  4 gnoll sergeants
  8 wights (D:8)
  6 killer bees
  6 electric eels
  4 howler monkeys
  12 centaur zombies
  5 hounds
  11 orc priests
  2 jellies
  A gnoll bouda (D:7)
  Jessica (D:3)
  3 iguanas (D:5)
  12 orc wizards
  6 killer bee zombies (D:8)
  A howler monkey zombie (D:8)
  7 adders
  27 gnolls
  A shadow imp (D:8)
  A white imp (D:5)
  A ribbon worm (D:2)
  3 dart slugs
  41 orcs
  7 ball pythons
  2 endoplasms
  3 giant cockroaches
  4 goblins
  6 hobgoblins
  3 jackals (D:2)
  5 quokkas
  4 bats
  8 frilled lizards
  40 kobolds
  11 rats
465 creatures vanquished.

Vanquished Creatures (others)
  A butterfly (D:10)
1 creature vanquished.

Grand Total: 466 creatures vanquished

Notes
Turn   | Place    | Note
-------+----------+-------------------------------------------
     0 | D:1      | gimp the Kobold Earth Elementalist began the quest for the
                  | Orb.
     0 | D:1      | Reached XP level 1. HP: 10/10 MP: 3/3
   123 | D:1      | Reached XP level 2. HP: 15/15 MP: 1/5
   736 | D:1      | Reached XP level 3. HP: 16/19 MP: 3/6
   845 | D:1      | Learned a level 3 spell: Stone Arrow
  1406 | D:2      | Reached XP level 4. HP: 24/24 MP: 5/7
  2202 | D:3      | Reached XP level 5. HP: 28/28 MP: 5/8
  2324 | D:3      | Noticed Jessica
  2330 | D:3      | Killed Jessica
  2889 | D:3      | Reached XP level 6. HP: 32/32 MP: 6/9
  3292 | D:4      | Noticed an ogre
  3294 | D:4      | Killed an ogre
  3295 | D:4      | Reached skill level 5 in Conjurations
  3377 | D:4      | Reached XP level 7. HP: 36/36 MP: 2/10
  4045 | D:4      | Reached skill level 5 in Earth Magic
  4285 | D:4      | Reached skill level 3 in Spellcasting
  4647 | D:5      | Entered Level 5 of the Dungeon
  4759 | D:5      | Learned a level 3 spell: Passwall
  4862 | D:5      | Found a shimmering blue altar of Sif Muna.
  4885 | D:5      | Found an ancient bone altar of Kikubaaqudgha.
  4935 | D:5      | Reached skill level 4 in Spellcasting
  4935 | D:5      | Reached XP level 8. HP: 41/41 MP: 4/14
  4988 | D:5      | Found Hihai's Book Boutique.
  5083 | D:5      | Found a blossoming altar of Fedhas.
  5206 | D:5      | Noticed Sigmund
  5207 | D:5      | Reached skill level 5 in Spellcasting
  5239 | D:5      | Killed Sigmund
  5286 | D:5      | Noticed Blork the orc
  5288 | D:5      | Killed Blork the orc
  5344 | D:5      | Reached skill level 6 in Spellcasting
  5359 | D:5      | Noticed Pikel
  5362 | D:5      | Killed Pikel
  5363 | D:5      | Reached skill level 7 in Spellcasting
  5363 | D:5      | Reached XP level 9. HP: 45/45 MP: 9/20
  5819 | D:6      | Found the +7 Throatcutter {drain, coup de grace}
  5850 | D:6      | Found Mided's Mass Market.
  6048 | D:6      | Noticed Maggie
  6056 | D:6      | Killed Maggie
  6057 | D:6      | Reached skill level 8 in Spellcasting
  6231 | D:6      | Noticed Eustachio
  6233 | D:6      | Killed Eustachio
  6272 | D:6      | Found a staircase to the Ecumenical Temple.
  6352 | D:6      | Found Haruitsun's Weapon Shop.
  6586 | D:6      | Found Maypi's Hydra Hut.
  6587 | D:6      | Noticed a six-headed hydra
  6797 | D:7      | Reached skill level 9 in Spellcasting
  6971 | D:7      | Reached XP level 10. HP: 50/50 MP: 20/23
  7203 | D:7      | Learned a level 4 spell: Olgreb's Toxic Radiance
  7251 | D:7      | Reached skill level 1 in Fighting
  7339 | D:7      | Reached skill level 1 in Alchemy
  7433 | D:7      | Reached skill level 10 in Spellcasting
  7561 | D:7      | Found Hinaqamm's Lightly-Used Armoury.
  7990 | Temple   | Entered the Ecumenical Temple
  8011 | Temple   | Became a worshipper of Vehumet
  8617 | D:8      | Reached * piety under Vehumet
  8617 | D:8      | Offered knowledge of Kiss of Death by Vehumet.
  8618 | D:8      | Reached skill level 11 in Spellcasting
  8852 | D:8      | Reached XP level 11. HP: 58/61 MP: 10/26
  9000 | D:8      | Found a shimmering altar of Xom.
  9000 | D:8      | Found the +7 mace of Variability {chaos, chaos arc}
  9376 | D:9      | Reached ** piety under Vehumet
  9378 | D:9      | Offered knowledge of Shock by Vehumet.
  9650 | D:9      | Reached skill level 5 in Fighting
  9698 | D:9      | Found a staircase to the Orcish Mines.
 10439 | D:10     | Entered Level 10 of the Dungeon
 10491 | D:10     | Reached skill level 12 in Spellcasting
 10562 | D:10     | Offered knowledge of Static Discharge by Vehumet.
 10575 | D:10     | Reached skill level 5 in Alchemy
 10727 | D:10     | Noticed a two-headed ogre
 10731 | D:10     | Killed a two-headed ogre
 10789 | D:10     | Noticed Maurice
 10792 | D:10     | Something stole a +6 ring of intelligence
 10793 | D:10     | Something stole the +7 Throatcutter {drain, coup de grace}
 10797 | D:10     | Killed Maurice
 10905 | D:10     | Reached *** piety under Vehumet
 11266 | D:10     | Found a white marble altar of Elyvilon.
 11329 | D:10     | Noticed a two-headed ogre
 11335 | D:10     | Killed a two-headed ogre
 11336 | D:10     | Reached skill level 5 in Dodging
 11466 | D:10     | Found Sineyzil's Distillery.
 11472 | D:10     | Bought a potion of curing for 39 gold pieces
 11472 | D:10     | Bought a potion of heal wounds for 65 gold pieces
 11472 | D:10     | Bought a potion of brilliance for 52 gold pieces
 11472 | D:10     | Bought a potion of berserk rage for 65 gold pieces
 11472 | D:10     | Bought a potion of heal wounds for 65 gold pieces
 11472 | D:10     | Bought a potion of ambrosia for 104 gold pieces
 11683 | D:11     | Reached skill level 13 in Spellcasting
 11751 | D:11     | Reached XP level 12. HP: 68/68 MP: 25/29
 12122 | D:11     | Found a basalt altar of Yredelemnul.
 12312 | D:11     | Reached skill level 14 in Spellcasting
 12531 | D:11     | Noticed a two-headed ogre
 12534 | D:11     | Killed a two-headed ogre
 12580 | D:11     | Offered knowledge of Iskenderun's Mystic Blast by Vehumet.
 12797 | D:11     | Found a staircase to the Lair.
 12817 | D:11     | Learned a level 3 spell: Call Canine Familiar
 12989 | Lair:1   | Entered Level 1 of the Lair of Beasts
 13106 | Lair:1   | Reached skill level 1 in Summonings
 13109 | Lair:1   | Reached XP level 13. HP: 72/72 MP: 12/31
 13353 | Lair:1   | Reached **** piety under Vehumet
 13412 | Lair:1   | Offered knowledge of Flame Wave by Vehumet.
 13465 | Lair:1   | Learned a level 4 spell: Flame Wave
 13745 | Lair:1   | Reached skill level 15 in Spellcasting
 13745 | Lair:1   | Reached skill level 1 in Fire Magic
 13751 | Lair:1   | Noticed a fire dragon
 14589 | Lair:2   | HP: 3/72 [komodo dragon (24)]
 14758 | Lair:2   | Reached skill level 5 in Summonings
 15060 | Lair:2   | Learned a level 5 spell: Irradiate
 15205 | Lair:2   | Reached ***** piety under Vehumet
 15205 | Lair:2   | Offered knowledge of Airstrike by Vehumet.
 15316 | Lair:2   | Identified a scroll of acquirement
 15316 | Lair:2   | Acquired the Anthology of Conjuration and Arrival
 15324 | Lair:2   | Learned a level 5 spell: Fireball
 15929 | Lair:3   | Reached XP level 14. HP: 71/78 MP: 13/33
 15934 | Lair:3   | Reached skill level 10 in Dodging
 16028 | Lair:3   | Found a hole to the Spider Nest.
 16130 | Lair:3   | Found a gate leading to a gauntlet.
 16136 | Gauntlet | Entered a Gauntlet
 16147 | Gauntlet | Found a transporter.
 16147 | Gauntlet | Found a transporter.
 16165 | Gauntlet | Found a transporter.
 16165 | Gauntlet | Found a transporter.
 16183 | Gauntlet | Found a transporter.
 16234 | Gauntlet | Found a transporter.
 16258 | Gauntlet | Found a transporter.
 16258 | Gauntlet | Found a transporter.
 16277 | Gauntlet | Found a transporter.
 16277 | Gauntlet | Found a transporter.
 16296 | Gauntlet | Found a transporter.
 16346 | Gauntlet | Found a transporter.
 16482 | Gauntlet | HP: 2/78 [translucent stone wall collision (12)]
 16636 | Gauntlet | Identified the +0 pair of boots of Yjihep {rPois rCorr}
 16650 | Gauntlet | Learned a level 4 spell: Petrify
 16687 | Gauntlet | Identified the +8 war axe of Gysiet {flame, rF+ rN++ Int-3}
 16687 | Gauntlet | Noticed a minotaur
 16742 | Gauntlet | HP: 1/78 [minotaur/the +8 war axe of Gysiet {flame, rF+
                  | rN++ Int-3} (4)]
 16748 | Gauntlet | Killed a minotaur
 17037 | Lair:3   | Found a staircase to the Shoals.
 17466 | Spider:1 | Entered Level 1 of the Spider Nest
 17494 | Lair:4   | Reached skill level 16 in Spellcasting
 17608 | Lair:4   | Learned a level 5 spell: Summon Forest
 17712 | Lair:4   | Identified the ring "Ypoxoh" {Fly rF+ Str+5}
 17865 | Lair:4   | Found a transporter.
 17865 | Lair:4   | Found a transporter.
 17868 | Lair:4   | Noticed Sugi's ghost (journeyman MiFi)
 18484 | Lair:4   | HP: 1/78 [black mamba (16)]
 18485 | Lair:4   | Slain by a black mamba

Illustrated notes

Levels and vault maps discovered:
D:1:      dpeg_arrival_round_b, layout_basic
D:2:      layout_basic
D:3:      layout_loops_cross, hex_medium, uniq_jessica
D:4:      layout_cave_pods, minmay_misc_feat_chi
D:5:      layout_basic, fedhas_bush_and_centaur_altar,
          mainiacjoe_overflow_catwalk_spiral, serial_shops, kennysheep_mini,
          minmay_misc_feat_x, serial_bayou_pond_a, kennysheep_generic_room_15,
          uniq_sigmund, uniq_blork_the_orc, uniq_pikel
D:6:      layout_basic, minmay_temple_entry_from_below_a, serial_shops,
          nicolae_shop_bloodbath_and_beyond, serial_aquarium,
          aquarium_bridge_long_separate [aquarium_subvault_wall,
          aquarium_subvault_bridge, aquarium_subvault_wall,
          aquarium_subvault_wall, aquarium_subvault_bridge,
          aquarium_subvault_wall], aquarium_window_3, aquarium_window_corner,
          aquarium_window_1, aquarium_view_2d, aquarium_pool_S,
          minmay_shop_mass, doesnt_shop_hydraphobe, uniq_maggie, uniq_eustachio
D:7:      layout_basic, minmay_shop_damaged
D:8:      layout_loops_cross, serial_undead, serial_undead_d, serial_undead_d,
          serial_undead_b, serial_undead_c, serial_undead_b, serial_undead_e,
          minmay_guarded_unrand_variability
D:9:      nicolae_moon_pools, layout_irregular_city, orc_0_dummy,
          chequers_decorated_corner
D:10:     layout_basic, nicolae_elyvilon_peaceful_grove, serial_shops, shop,
          uniq_maurice
D:11:     layout_gridville, grunt_lair_entry_orc_guard_hut,
          nicolae_yredelemnul_corpse_copse
Temple:   regret_index_temple_mists
Lair:1:   dragon1_lemuel, layout_cave_shapes, wad_woods_river_04,
          cheibrodos_lair_lostbears, serial_bayou_shore_a
Lair:2:   layout_regular_city, beast_lair_carwin_5, infiniplex_staircase_pool_2
Lair:3:   layout_hall_layers, elwin_shoals_entry_rocks,
          spider_nest_entry_web_field, gauntlet_entry_generic,
          serial_bayou_shore_b, serial_bayou_shore_b
Lair:4:   layout_roguey, gammafunk_ghost_hive, chequers_serial_rivers_micro_b,
          hangedman_lair_generics_rect, infiniplex_staircase_pool
Spider:1: layout_spider_delve, worms_lemuel

Skill      XL: |  1  2  3  4  5  6  7  8  9 10 11 12 13 14 |
---------------+-------------------------------------------+-----
Conjurations   | 2 3 4 5 6 |  6.0
Earth Magic    | 4 5 7 8 |  8.0
Spellcasting   | 4 7 9 11 13 14 15 16 | 16.2
Fighting       | 4 5 |  5.0
Alchemy        | 3 6 7 8 |  8.0
Dodging        | 5 8 9 10 | 10.7
Summonings     | 1 6 8 |  8.0
Fire Magic     | 3 4 |  4.5
Stealth        | |  2.6

Action                     |  1- 3 |  4- 6 |  7- 9 | 10-12 | 13-15 || total
---------------------------+-------+-------+-------+-------+-------++-------
  Melee: Staff             |       |       |     4 |    11 |     2 ||    17
   Cast: Sandblast         |    44 |    57 |     3 |       |       ||   104
         Stone Arrow       |       |     4 |   104 |   357 |   276 ||   741
         Olgreb's Toxic Ra |       |       |       |     8 |    25 ||    33
         Call Canine Famil |       |       |       |       |     5 ||     5
         Irradiate         |       |       |       |       |    11 ||    11
         Flame Wave        |       |       |       |       |     1 ||     1
         Petrify           |       |       |       |       |     5 ||     5
         Summon Forest     |       |       |       |       |     1 ||     1
    Use: Scroll            |       |       |       |    10 |    15 ||    25
         Potion            |       |       |       |     1 |    11 ||    12
 Armour: Robe              |     2 |     8 |     3 |   102 |    86 ||   201
         Skin              |       |       |       |    21 |       ||    21
  Dodge: Dodged            |     3 |     9 |    13 |    95 |   141 ||   261

Table legend: (Time is in decaauts)
 A = Elapsed time spent in this place.
 B = Non-inter-level travel time spent in this place.
 C = Inter-level travel time spent in this place.
 D = Time resting spent in this place.
 E = Time spent auto-exploring this place.
 F = Levels seen in this place.
 G = Mean time per level.
                   A        B        C        D        E       F      G
               +--------+--------+--------+--------+--------+-----+--------+
         Total |  18575 |  18037 |    538 |    342 |  15080 |  18 | 1031.9 |
       Dungeon |  12996 |  12627 |    369 |     57 |  11038 |  11 | 1181.5 |
        Temple |     54 |      2 |     52 |      0 |      0 |   1 |   54.0 |
          Lair |   4703 |   4586 |    117 |     82 |   3794 |   4 | 1175.8 |
   Spider Nest |      1 |      1 |      0 |      0 |      0 |   1 |    1.0 |
      Gauntlet |    819 |    819 |      0 |    203 |    248 |   1 |  819.0 |
               +--------+--------+--------+--------+--------+-----+--------+

Top non-repeatable levels by time:
  Lair:2: 1615 daAuts
     D:4: 1534 daAuts
    D:11: 1337 daAuts
  Lair:1: 1313 daAuts
     D:8: 1291 daAuts
    D:10: 1212 daAuts
     D:7: 1202 daAuts
     D:2: 1197 daAuts
     D:5: 1171 daAuts
     D:3: 1085 daAuts
     D:9: 1063 daAuts
     D:6: 1020 daAuts
  Lair:4: 1012 daAuts
     D:1: 879 daAuts
Gauntlet: 819 daAuts
